 Dungeon Crawl Stone Soup version 0.21-a0-396-ga924934 (webtiles) character file.

130 Spazmo the Magician (level 4, -2/24 HPs)
             Began as a Deep Elf Fire Elementalist on Oct 19, 2017.
             Killed from afar by Natasha (9 damage)
             ... with a magic dart
             ... on level 2 of the Dungeon.
             The game lasted 00:04:00 (1417 turns).

Spazmo the Magician (Deep Elf Fire Elementalist)    Turns: 1417, Time: 00:04:01

Health: -2/24      AC:  2    Str:  5    XL:     4   Next: 90%
Magic:  4/12       EV: 13    Int: 21    God:
Gold:   80         SH:  0    Dex: 15    Spells: 5/11 levels left

rFire    . . .     SeeInvis .   j - -3 dagger (curse)
rCold    . . .     Gourm    .   (no shield)
rNeg     . . .     Faith    .   a - +0 robe
rPois    +         Spirit   .   g - +0 hat
rElec    .         Reflect  .   (no cloak)
rCorr    .         Harm     .   (no gloves)
MR       .....                  (no boots)
Stlth    ++........             (no amulet)
HPRegen  0.08/turn              d - ring of poison resistance
MPRegen  0.13/turn              (no ring)

@: very slightly contaminated
A: no striking features
a: no special abilities


You were on level 2 of the Dungeon.
You were not hungry.

You visited 1 branch of the dungeon, and saw 2 of its levels.

You collected 80 gold pieces.

Inventory:

Hand Weapons
 j - a cursed -3 dagger (weapon)
Armour
 a - a +0 robe (worn)
 g - a +0 hat (worn)
Jewellery
 d - a ring of poison resistance (left hand)
Wands
 e - a wand of digging (11/24)
Scrolls
 f - 2 scrolls of amnesia
 i - 2 scrolls of fog
 n - a scroll of identify
Potions
 h - a potion of degeneration {unknown}
Books
 b - a book of Flames

   Spells                             Type                      Level
   a - Flame Tongue                   Conjuration/Fire             1
   b - Throw Flame                    Conjuration/Fire             2
   c - Conjure Flame                  Conjuration/Fire             3
   d - Inner Flame                    Hexes/Fire                   3
   e - Sticky Flame                   Conjuration/Fire             4
   f - Fireball                       Conjuration/Fire             5
Comestibles
 c - 2 bread rations
 k - 3 fruits
 l - a royal jelly
 m - 2 meat rations
 o - 2 chunks of flesh


   Skills:
 - Level 3.0 Dodging
 - Level 3.0 Stealth
 + Level 4.3 Spellcasting
 + Level 2.8 Conjurations
 + Level 4.2 Fire Magic


You had 5 spell levels left.
You knew the following spells:

 Your Spells              Type           Power        Failure   Level  Hunger
a - Flame Tongue          Conj/Fire      ###..        2%          1    None
b - Throw Flame           Conj/Fire      ###...       4%          2    #......
c - Conjure Flame         Conj/Fire      ###.....     8%          3    ##.....


Dungeon Overview and Level Annotations

Branches:
Dungeon (2/15)

Altars:

Annotations:
D:2 Natasha


Message History

Casting: Flame Tongue
Confirm with . or Enter, or press ? or * to list all spells.
Aiming: Flame Tongue
Press: ? - help, Shift-Dir - straight line, f/p - Natasha
Aim: Natasha (severely wounded)
You miscast Flame Tongue.
You are very lightly contaminated with residual magic.
Nothing appears to happen.
The crimson imp hits you.
* * * LOW HITPOINT WARNING * * *
Natasha casts a spell at you. You resist with some effort.
The crimson imp blinks!
Casting: Flame Tongue
Confirm with . or Enter, or press ? or * to list all spells.
Aiming: Flame Tongue
Press: ? - help, Shift-Dir - straight line, f/p - Natasha
Aim: Natasha (severely wounded)
The flame tongue misses Natasha.
The crimson imp completely misses you. Natasha casts a spell at you.
The magic dart hits you!
You die...

.......### .........####
####### ......##.)..#
....... ......#####)# ##
....... ......#
#.....#....... ......#
#####.........
......##### #..5.....
..........######.5......
##..#......%....@h......
............#####.......
##..........# .......
##...........# .......
###........#.# #######
#..#.....>.#
##..........
##.<........ ##
#..........


You could see Natasha and 2 crimson imps.

Vanquished Creatures
  Jessica (D:2)
  Natasha (D:2)
  Terence (D:2)
  A worker ant (D:2)
  An adder (D:2)
  A worm (D:2)
  A leopard gecko (D:2)
  2 giant cockroaches (D:1)
  A goblin (D:2)
  4 hobgoblins
  2 jackals (D:1)
  A bat (D:1)
  2 frilled lizards (D:1)
  2 kobolds (D:1)
  A rat (D:1)
22 creatures vanquished.

Notes
Turn   | Place    | Note
-------+----------+-------------------------------------------
     0 | D:1      | Spazmo the Deep Elf Fire Elementalist began the quest for the Orb.
     0 | D:1      | Reached XP level 1. HP: 10/10 MP: 6/6
   195 | D:1      | Reached XP level 2. HP: 13/15 MP: 4/8
   199 | D:1      | Learned a level 2 spell: Throw Flame
   806 | D:2      | Noticed Terence
   816 | D:2      | Killed Terence
   816 | D:2      | Reached XP level 3. HP: 6/19 MP: 2/10
   821 | D:2      | Learned a level 3 spell: Conjure Flame
  1014 | D:2      | Noticed Jessica
  1018 | D:2      | Killed Jessica
  1018 | D:2      | Reached XP level 4. HP: 19/24 MP: 4/11
  1095 | D:2      | Noticed Natasha
  1103 | D:2      | Killed Natasha
  1402 | D:2      | Noticed Natasha
  1417 | D:2      | Killed from afar by Natasha

Vault maps used:
D:1:      evilmike_arrival_plus
D:2:      minivault_27, uniq_natasha, uniq_terence, uniq_jessica

Skill      XL: |  1  2  3  4 |
---------------+-------------+-----
Dodging        | 3 |  3.0
Stealth        | 3 |  3.0
Conjurations   | 2 |  2.8
Spellcasting   | 4 |  4.3
Fire Magic     | 4 |  4.2

Action                   |  1- 3 |  4- 6 || total
-------------------------+-------+-------++-------
 Cast: Flame Tongue      |    38 |    22 ||    60
  Use: Scroll            |     5 |       ||     5
  Eat: Chunk             |       |     1 ||     1
Armor: Robe              |       |     1 ||     1
Dodge: Dodged            |     2 |     5 ||     7

Table legend:
 A = Spawn XP
 B = Non-spawn XP
 C = Spawn XP percentage of total XP
 D = Spawn monster count
 E = Non-spawn monster count
 F = Spawn count percentage of total count
 G = Total turns spent on level
                    A         B        C        D         E        F      G
               +---------+---------+-------+---------+---------+-------+---------
         Total |       0 |     187 |   0.0 |       0 |      22 |   0.0 |  1417
               +---------+---------+-------+---------+---------+-------+---------
           D:1 |       0 |      20 |   0.0 |       0 |      13 |   0.0 |   806
           D:2 |       0 |     167 |   0.0 |       0 |       9 |   0.0 |   611
               +---------+---------+-------+---------+---------+-------+---------
